 Dungeon Crawl Stone Soup version 0.13-a0-2676-gd993d8a (webtiles) character file.

1591 Rycklaryybbe the Transmogrifier (level 8, -5/60 HPs)
             Began as a White Draconian Transmuter on Aug 12, 2013.
             Was an Initiate of Fedhas.
             Hit by an elven dagger thrown by Edmund (6 damage)
             ... on Level 6 of the Dungeon.
             The game lasted 00:22:38 (6743 turns).

Rycklaryybbe the Transmogrifier (DrTm)              Turns: 6743, Time: 00:22:38

HP  -5/60        AC  7     Str 17      XL: 8   Next: 30%
MP   3/12        EV 11     Int 16      God: Fedhas [......]
Gold 302         SH  0     Dex 13      Spells:  3 memorised,  2 levels left

Res.Fire  : . . .   See Invis. : .     - Unarmed
Res.Cold  : + . .   Warding    : .   (armour unavailable)
Life Prot.: . . .   Conserve   : .   (shield currently unavailable)
Res.Poison: .       Res.Corr.  : +   (helmet restricted)
Res.Elec. : .       Clarity    : .   (no cloak)
Sust.Abil.: . .     Spirit.Shd : .   t - melded +1 pair of elf gloves
Res.Mut.  : .       Stasis     : .   C - +0 pair of boots
Res.Rott. : .       Flight     : .   G - amulet of resist corrosion
Saprovore : . . .                    h - ring of flight
                                     e - +1 ring of strength

@: blade hands (expiring), short of breath, mighty, very slightly contaminated,
heavily drained, slightly resistant to hostile enchantments, unstealthy
A: breathe frost, unfitting armour, cold resistance 1, spit poison 1, evolution
1, AC +6, Str -1, Int +1
a: Spit Poison, Breathe Frost, End Transformation, Renounce Religion, Evoke
Flight


You were on level 6 of the Dungeon.
You worshipped Fedhas.
Fedhas was noncommittal.
You were not hungry.
Your hands were blades.
You visited 1 branch of the dungeon, and saw 6 of its levels.

You collected 282 gold pieces.

Inventory:

Hand weapons
 c - a +1,+3 orcish dagger of pain
 J - a +1,+0 elven bow
Missiles
 b - 90 arrows
 n - 35 bolts
 v - 15 darts (quivered)
 A - 9 steel darts
Armour
 t - a +1 pair of elven gloves (melded)
 C - a +0 pair of boots (worn)
Magical devices
 y - a wand of magic darts (8) {unknown}
 D - a wand of slowing (6) {unknown}
Comestibles
 a - 4 bread rations
Scrolls
 f - 2 scrolls of enchant weapon I {unknown}
 k - 4 scrolls of identify
 o - 3 scrolls of fear {unknown}
 p - 4 scrolls of teleportation {unknown}
 r - 2 scrolls of enchant armour {unknown}
 H - a scroll of blinking {unknown}
Jewellery
 e - a +1 ring of strength (left scythe-like blade)
 h - a ring of flight (right scythe-like blade)
 G - an amulet of resist corrosion (around neck)
Potions
 g - a potion of magic {unknown}
 l - 2 potions of might
 m - a potion of mutation
 q - a potion of flight
 u - 2 potions of curing {unknown}
 w - 3 potions of restore abilities
 x - a potion of speed
 z - a potion of paralysis {unknown}
 B - 2 potions of cure mutation {unknown}
 F - a potion of brilliance
 I - a potion of heal wounds
Books
 d - a book of Changes

   Spells                             Type                      Level
   *Beastly Appendage                 Transmutation                1
   Sticks to Snakes                   Transmutation                2
   *Spider Form                       Transmutation/Poison         3
   Ice Form                           Ice/Transmutation            4
   *Blade Hands                       Transmutation                5
 j - a book of Geomancy

   Spells                             Type                      Level
   Sandblast                          Earth                        1
   Stoneskin                          Transmutation/Earth          2
   Passwall                           Transmutation/Earth          3
   Stone Arrow                        Conjuration/Earth            3
   Petrify                            Transmutation/Earth          4
   Lee's Rapid Deconstruction         Earth                        5


   Skills:
 - Level 1.1(0.0) Fighting
 - Level 1.7(0.0) Dodging
 - Level 7.0(4.1) Unarmed Combat
 - Level 2.0(0.0) Spellcasting
 + Level 8.0(5.0) Transmutations
 - Level 1.0(0.0) Poison Magic


You had 2 spell levels left.
You knew the following spells:

 Your Spells              Type           Power        Failure   Level  Hunger
a - Beastly Appendage     Trmt           ###...       28%         1    ##.....
b - Spider Form           Trmt/Pois      #.........   71%         3    ####...
c - Blade Hands           Trmt           ###.......   99%         5    ######.


Dungeon Overview and Level Annotations

Branches:
Dungeon (6/27)
 Temple: D:4-7          Orc: D:6-11

Altars:
Fedhas

Shops:
D:5: = D:6: %%/

Annotations
D:4 JacquesDerrida's ghost, average DgSk
D:6 Edmund


Innate Abilities, Weirdness & Mutations

You can breathe waves of freezing cold.*
You can buffet flying creatures when you breathe cold.*
Your icy white scales are hard (AC +6).*
Your body does not fit into most forms of armour.
Your cold-blooded metabolism reacts poorly to cold.
Your flesh is cold resistant.*
Your mind is acute (Int +1).
You can spit poison.
You are weak (Str -1).
You evolve.


Message History

You exhale a wave of freezing cold.
The freezing breath misses Edmund.
You feel somewhat more hungry.
Your transformation is almost over.
Edmund picks up an elven dagger.
Read which item? (? for menu, Esc to quit)
Okay, then.
Drink which item? (? for menu, Esc to quit)
You feel very mighty all of a sudden.
It was a potion of might.
The phantom hits you but does no damage.
Read which item? (? for menu, Esc to quit)
As you read the scroll labeled SUOFIDW MEPSO, it crumbles to dust.
Nothing appears to happen.
The phantom blinks!
Edmund hits you with a flail of draining!
* * * LOW HITPOINT WARNING * * *
You feel drained.
* * * LOW HITPOINT WARNING * * *
Edmund throws an elven dagger.
The elven dagger hits you!
You die...
Fedhas appreciates your contribution to the ecosystem.

### ######## #..
.......#####.#
.......'..##.#
)...#####.##.#######
...## #.##.#..@.<#
..##
#.##.#@###.##### ..+
#..∩.#...#)....# ###
####.###@###.###
#.......#...
######### ###


You could see Edmund.

Vanquished Creatures
  Grinder (D:5)
  An orc warrior (D:5)
  2 centaurs (D:5)
  An ice beast (D:3)
  A phantom (D:4)
  Duvessa (D:6)
  A giant frog (D:6)
  Dowan (D:6)
  2 crimson imps (D:5)
  2 iguanas (D:4)
  A worker ant (D:3)
  An orc wizard (D:5)
  A scorpion (D:4)
  2 orc priests (D:5)
  2 hounds (D:4)
  Ijyb (D:5)
  2 adders
  2 worms
  A giant mite (D:3)
  An adder skeleton (D:4)
  4 giant geckos
  An ooze (D:2)
  5 orcs
  13 bats
  6 giant cockroaches
  12 goblins
  11 hobgoblins
  6 jackals
  4 quokkas
  2 ball pythons
  2 giant newts
  A goblin skeleton (D:5)
  9 kobolds
  An orc zombie (D:6)
  5 rats
109 creatures vanquished.

Vanquished Creatures (others)
  2 orc wizards (D:6)
  2 toadstools (D:6)
4 creatures vanquished.

Grand Total: 113 creatures vanquished

Notes
Turn   | Place    | Note
--------------------------------------------------------------
     0 | D:1      | Rycklaryybbe, the Draconian Transmuter, began the quest for the Orb.
     0 | D:1      | Reached XP level 1. HP: 16/16 MP: 1/1
   253 | D:1      | Reached XP level 2. HP: 21/23 MP: 3/3
   949 | D:2      | Reached XP level 3. HP: 15/28 MP: 4/4
  1023 | D:2      | Gained mutation: You evolve. [potion of mutation]
  1023 | D:2      | Gained mutation: You can spit poison. [potion of mutation]
  1023 | D:2      | Gained mutation: You are weak (Str -1). [potion of mutation]
  1023 | D:2      | HP: 1/28 [poisoned by an adder]
  1363 | D:2      | Learned a level 3 spell: Spider Form
  1637 | D:2      | Noticed a giant frog
  1951 | D:3      | Reached skill level 4 in Transmutations
  2212 | D:3      | Found a blossoming altar of Fedhas.
  2362 | D:3      | Reached skill level 1 in Poison Magic
  2367 | D:3      | Reached XP level 4. HP: 35/35 MP: 6/6
  2397 | D:3      | Noticed an ice beast
  2987 | D:3      | Killed an ice beast
  2987 | D:3      | Reached XP level 5. HP: 40/40 MP: 7/7
  3226 | D:4      | Noticed JacquesDerrida's ghost (average DgSk)
  3601 | D:4      | Reached skill level 5 in Unarmed Combat
  3780 | D:4      | Gained mutation: Your mind is acute (Int +1). [evolution]
  3834 | D:4      | Reached XP level 6. HP: 31/47 MP: 9/9
  4616 | D:5      | Entered Level 5 of the Dungeon
  4627 | D:5      | Reached skill level 6 in Unarmed Combat
  4888 | D:5      | Noticed Ijyb
  4997 | D:5      | Killed Ijyb
  4997 | D:5      | Your scales start taking on an icy white colour.
  4997 | D:5      | Gained mutation: Your flesh is cold resistant. [draconian maturity]
  4997 | D:5      | Reached XP level 7. HP: 38/52 MP: 8/10
  4998 | D:5      | Reached skill level 7 in Unarmed Combat
  5125 | D:5      | Reached skill level 5 in Transmutations
  5386 | D:5      | Found Xolepoek's Jewellery Shoppe.
  5750 | D:3      | Became a worshipper of Fedhas Madash
  5858 | D:5      | Noticed Grinder
  5863 | D:5      | Paralysed by Grinder for 6 turns
  5910 | D:5      | Paralysed by Grinder for 3 turns
  5931 | D:5      | Killed Grinder
  5931 | D:5      | Reached XP level 8. HP: 38/60 MP: 9/12
  6071 | D:6      | Noticed Dowan
  6073 | D:6      | Noticed Duvessa
  6083 | D:6      | Killed Duvessa
  6091 | D:6      | Killed Dowan
  6214 | D:6      | Found Climuk's Magical Wand Emporium.
  6240 | D:6      | Reached skill level 8 in Transmutations
  6269 | D:6      | Found Idoprut's Food Boutique.
  6280 | D:6      | Found Amufaacs' Food Boutique.
  6370 | D:6      | Noticed Edmund
  6659 | D:5      | Learned a level 5 spell: Blade Hands
  6742 | D:6      | HP: 2/60 [Edmund/flail of draining (11)]
  6743 | D:6      | Hit by an elven dagger thrown by Edmund

Action                   |  1- 3 |  4- 6 |  7- 9 || total
-------------------------+-------+-------+-------++-------
Melee: Unarmed           |   204 |   256 |   163 ||   623
 Cast: Beastly Appendage |    24 |    24 |     9 ||    57
       Spider Form       |       |     3 |     3 ||     6
       Blade Hands       |       |       |     1 ||     1
 Abil: Breathe Frost     |       |       |     6 ||     6
       Spit Poison       |       |       |     2 ||     2
       End Transformatio |       |       |     1 ||     1
  Use: Potion            |     2 |     2 |     2 ||     6
       Scroll            |       |       |     3 ||     3
